 Dungeon Crawl Stone Soup version 0.32-a0-357-g3fb9450 (webtiles) character file.

Game seed: 2449233328779061332

5344 edsrzf the Slicer (level 10, 0/67 HPs)
             Began as a Coglin Brigand on Feb 18, 2024.
             Was a Priest of Cheibriados.
             Slain by a gnoll sergeant
             ... wielding a +0 halberd
              (9 damage)
             ... in a bailey.
             The game lasted 00:19:22 (8263 turns).

edsrzf the Slicer (Coglin Brigand)                  Turns: 8263, Time: 00:19:23

Health: 0/67       AC: 10    Str: 26    XL:     10   Next: 65%
Magic:  10/10      EV: 13    Int: 21    God:    Cheibriados [***...]
Gold:   538        SH:  0    Dex: 22    Spells: 9/9 levels left

rFire   . . .        a - +1 scimitar {Kanchana}
rCold   . . .        b - +0 quick blade (protect) {Clara}
rNeg    . . .        i - +0 robe
rPois   .            w - +0 helmet
rElec   +            c - +0 cloak
rCorr   .            (no gloves)
SInv    .            o - +1 pair of boots
Will    .....        I - amulet of reflection
Stlth   ++           f - ring of Ubipn {^Drain rElec AC+4 Slay+4 Stlth+}
HPRegen 0.31/turn    s - +6 ring of strength
MPRegen 0.12/turn

%: reflection
@: confused, ambrosia-drunk, studying Long Blades, stiff-legged, very slow
A: off-hand wielding, slow wielding, warmup strikes, warmup strides
a: Renounce Religion, Bend Time, Temporal Distortion


You were in a bailey.
You worshipped Cheibriados.
Cheibriados was most pleased with you.
You visited 2 branches of the dungeon, and saw 10 of its levels.
You also visited: Bailey.

You collected 538 gold pieces.

Inventory:

Hand Weapons
 a - a +1 scimitar (weapon) {Kanchana}
 b - a +0 quick blade of protection (worn) {Clara}
Missiles
 d - 14 poisoned darts (quivered)
 e - 3 curare-tipped darts
 u - 3 throwing nets {=f}
Armour
 c - a +0 cloak (worn)
 i - a +0 robe (worn)
 o - a +1 pair of boots (worn)
 w - a +0 helmet (worn)
Jewellery
 f - the ring of Ubipn (left grasper) {^Drain rElec AC+4 Slay+4 Stlth+}
   (You found it on level 2 of the Dungeon)

   [ring of protection]

   AC+4:      It affects your AC (+4).
   Slay+4:    It affects your accuracy & damage with ranged weapons and melee
   (+4).
   rElec:     It insulates you from electricity.
   ^Drain:    It drains your maximum health when unequipped.
   Stlth+:    It makes you more stealthy.
 s - a +6 ring of strength (right grasper)
 t - a ring of protection from cold
 F - a +4 ring of protection
 I - an amulet of reflection (around neck)
Wands
 l - a wand of quicksilver (1)
Scrolls
 h - a scroll of immolation {unknown}
 j - a scroll of revelation
 k - a scroll of enchant weapon
 m - 3 scrolls of teleportation
 p - 2 scrolls of amnesia
 y - a scroll of poison {unknown}
 B - a scroll of noise {unknown}
 C - a scroll of blinking {unknown}
 D - 2 scrolls of fog
 E - a scroll of vulnerability {unknown}
Potions
 g - 3 potions of enlightenment
 n - a potion of haste {unknown}
 q - a potion of ambrosia
 r - 2 potions of brilliance {unknown}
 x - 2 potions of might
 z - a potion of berserk rage {unknown}
 A - a potion of cancellation {unknown}
 G - a potion of lignification {unknown}
 H - a potion of attraction {unknown}


   Skills:
 - Level 2.0 Fighting
 - Level 11.2(12.7) Short Blades
 + Level 10.7(13.1) Long Blades
 - Level 1.7 Throwing
 + Level 2.2 Dodging
 - Level 3.2 Stealth


You had 9 spell levels left.
You didn't know any spells.
Your spell library contained the following spells:

 Spells                   Type           Power      Damage    Failure   Level
 Call Imp                 Summ           0%         N/A       26%         2
 Static Discharge         Conj/Air       0%         3-3/arc   26%         2
 Sublimation of Blood     Necr           0%         N/A       26%         2
 Gell's Gravitas          Tloc           0%         N/A       47%         3
 Inner Flame              Hex/Fire       0%         N/A       47%         3
 Teleport Other           Tloc           0%         N/A       47%         3
 Airstrike                Air            0%         2d(0-16)  87%         4
 Flame Wave               Conj/Fire      0%         2d4       87%         4
 Sticky Flame             Fire/Alch      0%         2d4       87%         4
 Summon Lightning Spire   Summ/Air       0%         N/A       87%         4
 Dispersal                Tloc           0%         N/A       100%        6
 Summon Hydra             Summ           0%         N/A       100%        7


Dungeon Overview and Level Annotations

Branches:
Dungeon (9/15)             Temple (1/1) D:6            Lair (0/5) D:8
 Bailey (1/1)
    Orc: D:9-12

Altars:
Ashenzari
Cheibriados
Elyvilon
Fedhas
Gozag
Hepliaklqana
Kikubaaqudgha
Makhleb
Nemelex Xobeh
Okawaru
Qazlal
Ru
Sif Muna
Trog
Uskayaw
Vehumet
Wu Jian
Xom
Yredelemnul
Zin
The Shining One

Shops:
D:1 ?

Annotations:
D:3 3 runed translucent doors, PublicAnimeNo1's ghost, amateur MDFi; anarkitty's ghost, amateur TeCj


Innate Abilities, Weirdness & Mutations

You can wield a second weapon in your off-hand.
It takes a long time for you to wield or remove held weapons.
Your first few attacks do less damage.
Your first movements take longer.


Message History

The gnoll sergeant picks up the pace!
Your Dodging skill increases to level 2!
Aiming: Quicksilver Bolt
Press: ? - help, Shift-Dir - straight line, f - gnoll bouda
Aim: a gnoll bouda, wielding a +0 spear and wearing a +0 scale mail (79% to hit)
The bolt of dispelling energy hits the gnoll sergeant!
You kill the gnoll sergeant!
Cheibriados appreciates the change of pace.
The bolt of dispelling energy hits the gnoll bouda!
The gnoll bouda is heavily wounded.
A wolf comes into view.
Okay, then.
Okay, then.
Throw: 20 darts (poison)
Press: ? - help, Q - select action, (/) - cycle Shift-Dir - straight line, f/p - gnoll bouda
Aim: a gnoll bouda, wielding a +0 spear and wearing a +0 scale mail (heavily wounded, 72% to hit)
You throw a poisoned dart.
The poisoned dart completely misses the gnoll bouda.
The poisoned dart hits the gnoll sergeant.
The gnoll bouda barely misses you.
Throw: 19 darts (poison)
Press: ? - help, Q - select action, (/) - cycle Shift-Dir - straight line, f/p - gnoll bouda
Aim: a gnoll bouda, wielding a +0 spear and wearing a +0 scale mail (heavily wounded, 72% to hit)
You throw a poisoned dart. The poisoned dart hits the gnoll bouda.
The gnoll bouda is poisoned.
The gnoll bouda is heavily wounded.
A gnoll bouda comes into view. It is wielding a +0 spear.
Throw: 18 darts (poison)
Press: ? - help, Q - select action, (/) - cycle Shift-Dir - straight line, f/p - gnoll bouda
Aim: a gnoll bouda, wielding a +0 spear and wearing a +0 scale mail (heavily wounded, poisoned, 72% to hit)
You throw a poisoned dart.
The poisoned dart hits the gnoll sergeant.
The gnoll sergeant is poisoned.
The gnoll bouda barks out a call to the hunt!
The gnoll bouda picks up the pace!
You hear a howl!
Throw: 17 darts (poison)
Press: ? - help, Q - select action, (/) - cycle Shift-Dir - straight line, f/p - gnoll bouda
Aim: a gnoll bouda, wielding a +0 spear and wearing a +0 scale mail (heavily wounded, poisoned, 72% to hit)
You throw a poisoned dart.
The poisoned dart hits the gnoll sergeant.
The gnoll sergeant looks even sicker.
The gnoll sergeant hits you but does no damage.
Throw: 16 darts (poison)
Press: ? - help, Q - select action, (/) - cycle Shift-Dir - straight line, f - gnoll bouda, p - gnoll bouda
Aim: a gnoll bouda, wielding a +0 spear and wearing a +0 ring mail (covering ground quickly, 72% to hit)
You throw a poisoned dart.
The poisoned dart hits the gnoll sergeant.
The gnoll sergeant looks even sicker.
The gnoll sergeant hits you from afar with a +0 halberd.
Okay, then.
Throw: 15 darts (poison)
Press: ? - help, Q - select action, (/) - cycle Shift-Dir - straight line, f/p - gnoll bouda
Aim: a gnoll bouda, wielding a +0 spear and wearing a +0 ring mail (covering ground quickly, 72% to hit)
You throw a poisoned dart.
The poisoned dart hits the gnoll sergeant.
The gnoll sergeant looks as sick as possible!
A wolf comes into view.
The gnoll sergeant hits you from afar with a +0 halberd!
* * * LOW HITPOINT WARNING * * *
You feel better.
The gnoll bouda barks out a call to the hunt!
The gnoll bouda picks up the pace!
The gnoll sergeant hits you from afar with a +0 halberd!
* * * LOW HITPOINT WARNING * * *
You hear a shout!
You feel better.
You hear a shout! x2
The gnoll bouda gazes fiercely through you!
You feel your attacks grow feeble.
The gnoll sergeant hits you from afar with a +0 halberd.
* * * LOW HITPOINT WARNING * * *
Aiming: Quicksilver Bolt
Press: ? - help, Shift-Dir - straight line, f - gnoll bouda, p - gnoll bouda
Aim: a gnoll bouda, wielding a +0 spear and wearing a +0 scale mail (severely wounded, covering ground quickly, poisoned, 79% to hit)
The bolt of dispelling energy hits the gnoll sergeant but does no damage.
The gnoll sergeant is severely wounded.
The gnoll sergeant's magical effects unravel!
The bolt of dispelling energy hits the gnoll bouda!
You kill the gnoll bouda!
Cheibriados appreciates the change of pace.
The bolt of dispelling energy hits the wolf!
The wolf is severely wounded.
A gnoll bouda comes into view. It is wielding a +0 halberd.
The gnoll bouda barks out a call to the hunt!
The gnolls pick up the pace!
The gnoll sergeant hits you from afar with a +0 halberd!
* * * LOW HITPOINT WARNING * * *
You feel better. You block the gnoll sergeant's attack.
A gnoll sergeant comes into view. It is wielding a +0 glaive.
Okay, then.
Okay, then.
You are confused.
You feel invigorated.
The gnoll sergeant hits you from afar with a +0 halberd!
* * * LOW HITPOINT WARNING * * *
Your attacks no longer feel as feeble.
The gnoll sergeant hits you from afar with a +0 halberd!
You die...
Cheibriados appreciates the motionlessness of death. ... ..... #...#### #..(#.. '.gg'. hhg#

##g##
##)).##
##..@..##
#().....#
♣≈
#.).ß)..#
♣≈
#.......#
♣≈
##.....##
♣≈
##.).##
♣≈ ##'##
♣≈ #)).#
♣≈##
#)..#


You could see 2 gnoll sergeants, 2 wolves and 2 gnoll boudas.

Vanquished Creatures
  Joseph (D:8)
  A rime drake (D:8)
  4 yaks (D:9)
  A wyvern (D:7)
  A steam dragon (D:7)
  2 water moccasins (D:7)
  A sky beast (D:7)
  7 ice beasts
  An ogre (D:5)
  4 wolves
  A bullfrog (D:7)
  2 kobold brigands
  5 gnoll sergeants (Bailey)
  4 scorpions
  10 wights
  2 howler monkeys
  A bombardier beetle (D:6)
  7 hounds
  5 gnoll boudas
  An orc priest (D:6)
  A sleepcap (D:6)
  2 iguanas
  8 orc wizards
  16 gnolls
  6 adders
  A shadow imp (D:6)
  A white imp (D:3)
  3 dart slugs
  26 orcs
  7 endoplasms
  16 giant cockroaches
  12 goblins
  10 hobgoblins
  3 jackals (D:3)
  18 kobolds
  11 ball pythons
  7 bats
  3 frilled lizards
  9 rats
221 creatures vanquished.

Notes
Turn   | Place    | Note
-------+----------+-------------------------------------------
     0 | D:1      | edsrzf the Coglin Brigand began the quest for the Orb.
     0 | D:1      | Reached XP level 1. HP: 16/16 MP: 1/1
    17 | D:1      | Reached skill level 2 in Short Blades
    95 | D:1      | Reached XP level 2. HP: 22/22 MP: 2/2
   128 | D:1      | Found a faded altar of an unknown god.
   508 | D:1      | Reached skill level 3 in Short Blades
   518 | D:1      | Found Surghujiu's Magic Scroll Shoppe.
   579 | D:1      | Reached XP level 3. HP: 27/27 MP: 3/3
  1095 | D:2      | Identified a potion of heal wounds
  1101 | D:2      | Reached XP level 4. HP: 17/33 MP: 4/4
  1210 | D:2      | Identified the ring of Ubipn {^Drain rElec AC+4 Slay+4
                  | Stlth+}
  1294 | D:2      | Reached skill level 4 in Short Blades
  2078 | D:3      | Reached XP level 5. HP: 38/38 MP: 5/5
  2328 | D:3      | Found a runed translucent gate.
  2331 | D:3      | Found a runed translucent gate.
  2332 | D:3      | Found a runed translucent gate.
  2401 | D:3      | Noticed anarkitty's ghost (amateur TeCj)
  2402 | D:3      | Noticed PublicAnimeNo1's ghost (amateur MDFi)
  2577 | D:3      | Reached skill level 5 in Short Blades
  3052 | D:4      | Found a bloodstained altar of Trog.
  3065 | D:4      | Reached XP level 6. HP: 43/44 MP: 6/6
  3195 | D:4      | Reached skill level 6 in Short Blades
  3812 | D:4      | Reached XP level 7. HP: 50/50 MP: 7/7
  3975 | D:5      | Entered Level 5 of the Dungeon
  3987 | D:5      | Reached skill level 7 in Short Blades
  4193 | D:5      | Found a radiant altar of Vehumet.
  4196 | D:5      | Found a basalt altar of Yredelemnul.
  4200 | D:5      | Found an ancient bone altar of Kikubaaqudgha.
  4595 | D:5      | Reached skill level 8 in Short Blades
  4595 | D:5      | Reached XP level 8. HP: 56/56 MP: 8/8
  5108 | D:6      | Reached skill level 9 in Short Blades
  5456 | D:6      | Found a staircase to the Ecumenical Temple.
  5486 | Temple   | Entered the Ecumenical Temple
  5506 | Temple   | Became a worshipper of Cheibriados the Contemplative
  5582 | D:6      | Found an ornate altar of the Wu Jian Council.
  5583 | D:6      | Identified 4 scrolls of identify
  5583 | D:6      | Identified 2 potions of ambrosia
  5584 | D:6      | Identified 2 potions of enlightenment
  5585 | D:6      | Identified 3 potions of curing
  5586 | D:6      | Identified 2 potions of might
  5942 | D:7      | Reached skill level 10 in Short Blades
  6080 | D:7      | Reached XP level 9. HP: 52/61 MP: 9/9
  6413 | D:7      | Reached * piety under Cheibriados
  6534 | D:7      | Reached skill level 11 in Short Blades
  6729 | D:7      | Reached skill level 1 in Long Blades
  6738 | D:7      | Reached skill level 2 in Long Blades
  6757 | D:7      | Reached skill level 3 in Long Blades
  6802 | D:7      | Found an opulent altar of Gozag.
  7033 | D:8      | Noticed Joseph
  7040 | D:8      | Killed Joseph
  7041 | D:8      | Reached skill level 4 in Long Blades
  7214 | D:8      | Reached skill level 5 in Long Blades
  7297 | D:8      | Found a staircase to the Lair.
  7297 | D:8      | Noticed a rime drake
  7300 | D:8      | Killed a rime drake
  7300 | D:8      | Reached ** piety under Cheibriados
  7301 | D:8      | Reached skill level 6 in Long Blades
  7301 | D:8      | Reached XP level 10. HP: 43/67 MP: 10/10
  7306 | D:8      | Reached skill level 7 in Long Blades
  7511 | D:8      | Found a shimmering blue altar of Sif Muna.
  7662 | D:9      | Identified 4 scrolls of teleportation
  7663 | D:9      | Identified 3 scrolls of amnesia
  7664 | D:9      | Identified 3 scrolls of fog
  7671 | D:9      | Identified 2 scrolls of revelation
  7672 | D:9      | Identified 2 scrolls of enchant weapon
  7673 | D:9      | Identified 2 scrolls of fear
  7674 | D:9      | Identified 2 scrolls of acquirement
  7674 | D:9      | Acquired a +0 quick blade of protection
  7687 | D:9      | Acquired a manual of Long Blades
  7707 | D:9      | Reached skill level 8 in Long Blades
  7748 | D:9      | Reached skill level 9 in Long Blades
  7763 | D:9      | Found a flagged portal.
  7775 | Bailey   | Entered a bailey
  7882 | Bailey   | Reached *** piety under Cheibriados
  7890 | Bailey   | Reached skill level 10 in Long Blades
  8057 | Bailey   | Reached skill level 1 in Dodging
  8251 | Bailey   | Reached skill level 2 in Dodging
  8263 | Bailey   | Slain by a gnoll sergeant

Illustrated notes

Levels and vault maps discovered:
D:1:      minmay_arrival_jagged, layout_basic, serial_shops, shop,
          ebering_ecumenical_altar_mist, columned_hall_lemuel,
          chequers_serial_rivers_small_3, hangedman_glass_teeth
D:2:      layout_loops_ring
D:3:      minmay_roachtagon, layout_basic, gammafunk_ghost_cemetery,
          wad_rectangle_vault
D:4:      layout_basic, general_overflow_altar
D:5:      layout_layer_cave, grunt_temple_overflow_diamond
D:6:      layout_basic, pdpol_wu_jian_five_deadly_venoms, temple_pool_b,
          st_stairs_12
D:7:      layout_loops_ring, mainiacjoe_overflow_catwalk,
          nicolae_zen_rock_garden, nicolae_figureground_pulse
D:8:      layout_rooms, mainiacjoe_overflow_alcove_4, hellmonk_lair_entry_icy,
          uniq_joseph
D:9:      layout_loops_corners, marbit_many_paths, enter_bailey_4,
          nicolae_underground_beach
Temple:   nicolae_temple_bog_church
Bailey:   bailey_polearm_gnolls_kennysheep, bailey

Skill      XL: |  1  2  3  4  5  6  7  8  9 10 |
---------------+-------------------------------+-----
Short Blades   | 2 3 4 5 6 8 10 11 | 11.2
Long Blades    | 6 10 | 10.7
Dodging        | 2 |  2.2
Fighting       | |  2.0
Throwing       | |  1.7
Stealth        | |  3.2

Action                     |  1- 3 |  4- 6 |  7- 9 | 10-12 || total
---------------------------+-------+-------+-------+-------++-------
  Melee: Dagger            |   115 |   107 |    95 |       ||   317
         Rapier            |       |    85 |   161 |    26 ||   272
         Short sword       |       |       |    41 |       ||    41
         Scimitar          |       |       |    31 |    94 ||   125
         Quick blade       |       |       |       |   128 ||   128
  Throw: Dart              |       |     5 |    22 |    24 ||    51
  Evoke: Wand              |       |       |       |     4 ||     4
    Use: Potion            |     1 |       |       |     5 ||     6
         Scroll            |       |       |     4 |     9 ||    13
   Stab: Sleeping          |    11 |    12 |    11 |     1 ||    35
         Distracted        |       |       |     2 |       ||     2
         Held in net/web   |       |       |       |     1 ||     1
 Armour: Robe              |    28 |    45 |   106 |    74 ||   253
  Dodge: Dodged            |    40 |    51 |    75 |    58 ||   224
  Block: Other             |       |       |     5 |    25 ||    30
         Reflection        |       |       |       |     2 ||     2

Table legend: (Time is in decaauts)
 A = Elapsed time spent in this place.
 B = Non-inter-level travel time spent in this place.
 C = Inter-level travel time spent in this place.
 D = Time resting spent in this place.
 E = Time spent auto-exploring this place.
 F = Levels seen in this place.
 G = Mean time per level.
                   A        B        C        D        E       F      G
               +--------+--------+--------+--------+--------+-----+--------+
         Total |   9148 |   8528 |    620 |    895 |   5866 |  11 |  831.6 |
       Dungeon |   8544 |   7969 |    575 |    632 |   5756 |   9 |  949.3 |
        Temple |     47 |      2 |     45 |      0 |      0 |   1 |   47.0 |
        Bailey |    557 |    557 |      0 |    263 |    110 |   1 |  557.0 |
               +--------+--------+--------+--------+--------+-----+--------+

Top non-repeatable levels by time:
     D:7: 1391 daAuts
     D:4: 1182 daAuts
     D:6: 1141 daAuts
     D:3: 1073 daAuts
     D:1: 1031 daAuts
     D:5: 913 daAuts
     D:8: 836 daAuts
     D:2: 825 daAuts
  Bailey: 557 daAuts
     D:9: 148 daAuts
  Temple: 47 daAuts
